cohdb
Replays
Latest Replays
All Replays
Popular Replays
Top Player Replays
Match Explorer
How It Works
Community
CoH3 Stats
Reddit
Sign in to upload your games and track your stats! →
Sign in with Steam
Match 42173416
Unlisted
Match 42173416
Overview
Messages
Build Orders
End
Construct Infanterie Kompanie
MG 42 Machine Gun Team
Grenadier Squad
Grenadier Squad
Construct Panzergrenadier Kompanie
251 Medium Carrier
MG 42 Bunker
251 Medium Carrier
Pak 40 Anti-tank Gun Team
Support Elements
Grenadier Squad
251 Medium Carrier
Nebelwerfer 42 Rocket Launcher Team
Kettenkrad Recon Vehicle
Pak 40 Anti-tank Gun Team
Selects Italian Coastal Battlegroup
Selects Support Bunkers
Selects Rapid Fortifications
Selects Coastal Reserves
Selects Artillery Officer
Rapid Fortifications
MG 42 Bunker
Construct Panzer Kompanie
Rapid Fortifications
MG 42 Bunker
Panzer IV Medium Tank
Selects Coastal Wall
Panzergrenadier Squad
Rapid Fortifications
MG 42 Bunker
Selects Bulwark
Panzer IV Medium Tank
dicktation
PoppaMies
Mustache and Melons
Glendizzle
Guru
Carrion Crow
0
0
Comments
sign in to comment!
No comments posted yet!